 Dungeon Crawl Stone Soup version 0.31.0-9-g3a7656b989 (webtiles) character file.

Game seed: 14638098608037168150

114 qw the Skirmisher (level 4, -1/25 HPs)
             Began as a Deep Elf Hunter on Feb 2, 2024.
             Slain by Edmund
             ... wielding a +1 dire flail of holy wrath
              (12 damage)
             ... on level 4 of the Dungeon.
             The game lasted 00:00:08 (1944 turns).

qw the Skirmisher (Deep Elf Hunter)                 Turns: 1944, Time: 00:00:08

Health: -1/25      AC:  5    Str: 10    XL:     4   Next: 67%
Magic:  6/6        EV: 12    Int: 14    God:
Gold:   168        SH:  0    Dex: 18    Spells: 3/3 levels left

rFire   . . .        a - +0 shortbow (flame)
rCold   . . .        (shield currently unavailable)
rNeg    . . .        c - +0 leather armour
rPois   .            d - +0 helmet
rElec   .            (no cloak)
rCorr   .            (no gloves)
SInv    .            k - +0 pair of boots
Will    +....        (no amulet)
Stlth   ++           h - ring of willpower
HPRegen 0.24/turn    (no ring)
MPRegen 0.10/turn

%: no passive effects
@: no status effects
A: no striking features
a: no special abilities


You were on level 4 of the Dungeon.
You visited 1 branch of the dungeon, and saw 4 of its levels.

You collected 168 gold pieces.


   Skills:
 - Level 1.5 Fighting
 + Level 8.1 Ranged Weapons
 - Level 2.4 Dodging
 - Level 1.2 Stealth


You had 3 spell levels left.
You didn't know any spells.
Your spell library was empty.

Inventory:

Hand Weapons
 a - a +0 shortbow of flaming (weapon)
Armour
 c - a +0 leather armour (worn)
 d - a +0 helmet (worn)
 k - a +0 pair of boots (worn)
Jewellery
 h - a ring of willpower (left hand)
Scrolls
 e - 3 scrolls of teleportation
Potions
 f - a potion of might
 i - 3 potions of curing
 l - 2 potions of resistance
 n - a potion of attraction {unknown}

Dungeon Overview and Level Annotations

Branches:
Dungeon (4/15)
 Temple: D:4-7

Altars:

Annotations:
D:3 1 runed translucent door, qw's ghost, amateur SpHu
D:4 Edmund


Message History

You shoot an arrow. The arrow closely misses Edmund.
You shoot an arrow. The arrow hits Edmund.
The arrow burns Edmund.
Edmund is lightly wounded.
You shoot an arrow. The arrow hits Edmund.
The arrow burns Edmund.
Edmund is moderately wounded.
Edmund barely misses you.
You shoot an arrow. The arrow hits Edmund.
The arrow burns Edmund.
Edmund is moderately wounded.
Edmund hits you with a +1 dire flail of holy wrath.
You shoot an arrow.
The arrow hits Edmund but does no damage.
Edmund is moderately wounded.
Edmund closely misses you.
You shoot an arrow. The arrow hits Edmund.
The arrow burns Edmund.
Edmund is heavily wounded.
Edmund hits you with a +1 dire flail of holy wrath.
You shoot an arrow.
The arrow hits Edmund but does no damage.
Edmund is heavily wounded.
Edmund barely misses you.
You shoot an arrow. The arrow barely misses Edmund.
Edmund hits you with a +1 dire flail of holy wrath.
You shoot an arrow. The arrow barely misses Edmund.
Edmund hits you with a +1 dire flail of holy wrath!
You shoot an arrow. The arrow completely misses Edmund.
Edmund hits you but does no damage.
You shoot an arrow.
The arrow hits Edmund but does no damage.
Edmund is heavily wounded.
Edmund hits you but does no damage.
You shoot an arrow.
The arrow hits Edmund but does no damage.
Edmund is heavily wounded.
Edmund barely misses you.
You shoot an arrow.
The arrow hits Edmund but does no damage.
Edmund is heavily wounded.
Edmund hits you with a +1 dire flail of holy wrath!
You die...
Edmund says, "I'd like to see a scythe do that!"

.. ....... #.
.......
#.##.......
#........#
#.......!#
#........#
#........#
#..@.....#
#....@.....#
.............#
.......#######
.......
.....>.
.......
+####..


You could see Edmund.

Vanquished Creatures
  Terence (D:3)
  3 adders
  A ribbon worm (D:2)
  3 dart slugs
  An orc (D:3)
  5 bats
  5 endoplasms
  2 giant cockroaches
  8 goblins
  2 hobgoblins (D:1)
  2 jackals (D:3)
  8 kobolds
  A quokka (D:3)
  9 ball pythons
  2 frilled lizards (D:2)
  2 rats
55 creatures vanquished.

Notes
Turn   | Place    | Note
-------+----------+-------------------------------------------
     0 | D:1      | qw the Deep Elf Hunter began the quest for the Orb.
     0 | D:1      | Reached XP level 1. HP: 12/12 MP: 3/3
     0 | D:1      | 0 ||| qw: Version: 0.3-a-155-g5e7d8dd
     0 | D:1      | 0 ||| qw: Game counter: 2373
     0 | D:1      | 0 ||| qw: Melee chars always use a shield: true
     0 | D:1      | 0 ||| qw: God list: Okawaru
     0 | D:1      | 0 ||| qw: Allow faded altars: false
     0 | D:1      | 0 ||| qw: Do Orc after clearing Dungeon:15 true
     0 | D:1      | 0 ||| qw: Do second Lair branch before Depths: true
     0 | D:1      | 0 ||| qw: Lair rune preference: random
     0 | D:1      | 0 ||| qw: Goals: Normal
     0 | D:1      | 0 ||| PLANNING D:1-11
   100 | D:1      | 100 ||| UPGRADING to +0 helmet.
   130 | D:1      | Reached XP level 2. HP: 16/16 MP: 4/4
   159 | D:1      | Reached skill level 6 in Ranged Weapons
   657 | D:1      | 657 ||| READING 2 scrolls labelled WINUECUFRY.
   657 | D:1      | 657 ||| IDENTIFYING golden potion
   658 | D:1      | 658 ||| READING scroll of identify.
   658 | D:1      | 658 ||| IDENTIFYING murky yellow potion
   659 | D:1      | 659 ||| READING scroll labelled IJEIJ ZOJI.
   660 | D:1      | 660 ||| READING scroll labelled QOEHEGATRO.
   688 | D:1      | 688 ||| DROPPING scroll of butterflies.
   706 | D:2      | Reached XP level 3. HP: 15/20 MP: 5/5
   830 | D:2      | Reached skill level 7 in Ranged Weapons
  1194 | D:2      | 1194 ||| UPGRADING to +0 pair of boots.
  1199 | D:2      | 1199 ||| UPGRADING to ring of willpower.
  1200 | D:2      | 1200 ||| READING 3 scrolls of identify.
  1200 | D:2      | 1200 ||| IDENTIFYING yellow potion
  1201 | D:2      | 1201 ||| READING 2 scrolls of identify.
  1201 | D:2      | 1201 ||| IDENTIFYING murky ruby potion
  1202 | D:2      | 1202 ||| READING scroll of identify.
  1202 | D:2      | 1202 ||| IDENTIFYING scroll labelled GUEMOY VIYWNUPTA
  1203 | D:2      | 1203 ||| READING scroll labelled LALITI EBBEAWK.
  1204 | D:2      | 1204 ||| DROPPING potion of magic.
  1401 | D:3      | Noticed Terence
  1409 | D:3      | Killed Terence
  1410 | D:3      | Reached XP level 4. HP: 19/25 MP: 6/6
  1621 | D:3      | Reached skill level 8 in Ranged Weapons
  1642 | D:3      | Found a runed translucent door.
  1643 | D:3      | Noticed qw's ghost (amateur SpHu)
  1914 | D:3      | 1914 ||| READING scroll of identify.
  1914 | D:3      | 1914 ||| IDENTIFYING metallic red potion
  1915 | D:3      | 1915 ||| READING scroll labelled PICKON ZOLAWU.
  1915 | D:3      | 1915 ||| BRANDING +0 shortbow.
  1916 | D:3      | 1916 ||| READING scroll labelled KOUNUIR KALLU.
  1917 | D:3      | 1917 ||| DROPPING potion of ambrosia.
  1930 | D:4      | Noticed Edmund
  1931 | D:4      | 1931 ||| PLANNING OSSUARY
  1944 | D:4      | Slain by Edmund

Levels and vault maps discovered:
D:1:      eino_arrival_water_star, layout_loops_ring, feat_on_display
D:2:      layout_rooms
D:3:      layout_basic, gammafunk_ghost_grave, uniq_terence
D:4:      layout_gridville, mainiacjoe_ossuary_entry_dusty_tomb, serial_shops,
          shop, uniq_edmund, uniq_pikel, uniq_ijyb

Skill      XL: |  1  2  3  4 |
---------------+-------------+-----
Ranged Weapons | 6 7 8 |  8.1
Fighting       | |  1.5
Dodging        | |  2.4
Stealth        | |  1.2

Action                     |  1- 3 |  4- 6 || total
---------------------------+-------+-------++-------
   Fire: Shortbow          |   123 |    44 ||   167
    Use: Scroll            |     8 |     3 ||    11
 Armour: Leather armour    |    19 |    11 ||    30
  Dodge: Dodged            |    29 |     8 ||    37

Table legend:
 A = Non-vault XP
 B = Vault XP
 C = Vault XP percentage of total XP
 D = Non-vault monster count
 E = Vault monster count
 F = Vault count percentage of total count
                 A         B        C        D         E       F
            +---------+---------+-------+---------+---------+-------
      Total |     132 |      32 |  19.5 |      54 |       1 |   1.8
            +---------+---------+-------+---------+---------+-------
        D:1 |      36 |       0 |   0.0 |      21 |       0 |   0.0
        D:2 |      37 |       0 |   0.0 |      14 |       0 |   0.0
        D:3 |      57 |      32 |  36.0 |      18 |       1 |   5.3
        D:4 |       2 |       0 |   0.0 |       1 |       0 |   0.0
            +---------+---------+-------+---------+---------+-------
